PAAA
NAPERVILLE BATTLEKINGS @ BLOOMINGTON LONGNECKS
05/01/2020
 
TOP OF THE 1ST
Naperville Battlekings batting - Pitching for Bloomington Longnecks : RHP Jim Unknown
Pitching: RHP Jim Unknown
Batting: RHB Wayne Bannatyne 0-0: Ball
1-0: Called Strike
1-1: Foul Ball, location: 2F
1-2: SINGLE (Groundball, 34D)
Batting: RHB Joe Ferneyhough 0-0: Called Strike
0-1: Called Strike
0-2: Strikes out looking
Batting: LHB Cristo Ramírez 0-0: Ball
1-0: Called Strike
1-1: Ball
2-1: Foul Ball, location: 2F
2-2: Fielders Choice at 2nd, 3-6 (Groundball, 3)
Batting: LHB Jack Mason 0-0: Ball
1-0: Called Strike
1-1: Ball
2-1: Swinging Strike
2-2: Ball
3-2: Strikes out looking
Top of the 1st over - 0 run(s), 1 hit(s), 0 error(s), 1 left on base; Naperville 0 - Bloomington 0
BOTTOM OF THE 1ST
Bloomington Longnecks batting - Pitching for Naperville Battlekings : RHP Jim Unknown
Pitching: RHP Jim Unknown
Batting: LHB Jim Unknown 0-0: Ball
1-0: Foul Ball, location: 2F
1-1: Ball
2-1: Ball
3-1: Called Strike
3-2: Base on Balls
Batting: RHB Jim Unknown 0-0: Ball
1-0: Ball
2-0: Called Strike
2-1: Ball
3-1: SINGLE (Groundball, 4MD)
Jim Unknown to second
Batting: LHB Miguel Chávez 0-0: Ball
Wild Pitch!
Jim Unknown to third
Jim Unknown to second
1-0: Ball
2-0: Ball
3-0: Base on Balls
Batting: RHB Randy García 0-0: Swinging Strike
0-1: Ball
1-1: Called Strike
1-2: Foul Ball, location: 2F
1-2: Ball
2-2: Foul Ball, location: 2F
2-2: Foul Ball, location: 2F
2-2: Ball
3-2: Foul Ball, location: 2F
3-2: Foul Ball, location: 2F
3-2: SINGLE (Flyball, 78S)
Jim Unknown scores
Jim Unknown to third
Miguel Chávez to second
Runner from 3rd tries for Home, SAFE, no throw or cutoff
Batting: RHB Jim Unknown 0-0: Foul Ball, location: 2F
0-1: Ball
1-1: Ball
2-1: SINGLE (Line Drive, 9LS)
Miguel Chávez to third
Randy García to second
Batting: RHB Jim Unknown 0-0: Called Strike
0-1: Foul Ball, location: 2F
0-2: Strikes out swinging
Batting: RHB Jim Unknown 0-0: Ball
1-0: Ball
2-0: SINGLE (Line Drive, 4MD)
Miguel Chávez scores
Randy García to third
Jim Unknown to second
Batting: RHB Jim Unknown 0-0: Ball
1-0: TRIPLE (Line Drive, 7LS)
Randy García scores
Jim Unknown scores
Jim Unknown scores
Batting: RHB Jim Unknown 0-0: Ball
1-0: Ball
2-0: Called Strike
2-1: Ground out 6-3 (Groundball, 6)
Jim Unknown scores
Batting: LHB Jim Unknown 0-0: Swinging Strike
0-1: Called Strike
0-2: Foul Ball, location: 2F
0-2: Ball
1-2: Ball
2-2: Foul Ball, location: 2F
2-2: Ground out 6-3 (Groundball, 6)
Bottom of the 1st over - 7 run(s), 5 hit(s), 0 error(s), 0 left on base; Naperville 0 - Bloomington 7
TOP OF THE 2ND
Naperville Battlekings batting - Pitching for Bloomington Longnecks : RHP Jim Unknown
Batting: RHB Earnest Veeck 0-0: Called Strike
0-1: Foul Ball, location: 2F
0-2: Foul Ball, location: 2F
0-2: Strikes out swinging
Batting: RHB Carlos Gómez 0-0: Ball
1-0: Ball
2-0: Foul Ball, location: 2F
2-1: Swinging Strike
2-2: Ball
3-2: Base on Balls
Batting: RHB Pancho Montoya 0-0: Ball
1-0: Ball
2-0: Fielders Choice at 2nd, 6-4 (Groundball, 6)
Batting: RHB Marcus Wade 0-0: Ball
1-0: Called Strike
1-1: Ball
2-1: DOUBLE (Flyball, 9D)
Pancho Montoya to third
Batting: RHB Sal Haynes 0-0: Fly out, F8 (Flyball, 8RM)
Top of the 2nd over - 0 run(s), 1 hit(s), 0 error(s), 2 left on base; Naperville 0 - Bloomington 7
BOTTOM OF THE 2ND
Bloomington Longnecks batting - Pitching for Naperville Battlekings : RHP Jim Unknown
Batting: RHB Jim Unknown 0-0: Foul Ball, location: 2F
0-1: Called Strike
0-2: Ball
1-2: Ball
2-2: Foul Ball, location: 2F
2-2: Ball
3-2: Foul Ball, location: 2F
3-2: Foul Ball, location: 2F
3-2: Ground out 4-3 (Groundball, 4M)
Batting: LHB Miguel Chávez 0-0: Ball
1-0: Ball
2-0: Ball
3-0: Foul Ball, location: 2F
3-1: Base on Balls
Batting: RHB Randy García 0-0: Ball
1-0: Foul Ball, location: 2F
1-1: Swinging Strike
1-2: Ball
2-2: Ground out 5-3 (Groundball, 5S)
Miguel Chávez to second
Batting: RHB Jim Unknown 0-0: Ball
1-0: Ball
2-0: Called Strike
2-1: Swinging Strike
2-2: Ground out 6-3 (Groundball, 6)
Bottom of the 2nd over - 0 run(s), 0 hit(s), 0 error(s), 1 left on base; Naperville 0 - Bloomington 7
TOP OF THE 3RD
Naperville Battlekings batting - Pitching for Bloomington Longnecks : RHP Jim Unknown
Batting: RHB Wayne Bannatyne 0-0: Ball
1-0: Ball
2-0: Ball
3-0: Called Strike
3-1: Foul Ball, location: 2F
3-2: Base on Balls
Batting: RHB Joe Ferneyhough 0-0: Swinging Strike
0-1: Ball
1-1: Foul Ball, location: 2F
1-2: Strikes out swinging
Batting: LHB Cristo Ramírez 0-0: Called Strike
0-1: Ball
1-1: Foul Ball, location: 2F
1-2: Ball
2-2: Ball
3-2: Foul Ball, location: 2F
3-2: DOUBLE (Groundball, 3L)
Wayne Bannatyne to third
Batting: LHB Jack Mason 0-0: Ball
1-0: Ball
2-0: Ball
3-0: Base on Balls
Batting: RHB Earnest Veeck 0-0: Ball
1-0: Called Strike
1-1: Ball
2-1: Called Strike
2-2: Grounds into double play, 5-4-3 (Groundball, 5)
Top of the 3rd over - 0 run(s), 1 hit(s), 0 error(s), 2 left on base; Naperville 0 - Bloomington 7
BOTTOM OF THE 3RD
Bloomington Longnecks batting - Pitching for Naperville Battlekings : RHP Jim Unknown
Batting: RHB Jim Unknown 0-0: Ball
1-0: Ball
2-0: Ground out 4-3 (Groundball, 4)
Batting: RHB Jim Unknown 0-0: Ball
1-0: Ground out 4-3 (Groundball, 34)
Batting: RHB Jim Unknown 0-0: Ball
1-0: Ball
2-0: Called Strike
2-1: Called Strike
2-2: Strikes out swinging
Bottom of the 3rd over - 0 run(s), 0 hit(s), 0 error(s), 0 left on base; Naperville 0 - Bloomington 7
TOP OF THE 4TH
Naperville Battlekings batting - Pitching for Bloomington Longnecks : RHP Jim Unknown
Batting: RHB Carlos Gómez 0-0: Foul Ball, location: 2F
0-1: SOLO HOME RUN (Line Drive, 78XD), Distance : 413 ft
Batting: RHB Pancho Montoya 0-0: Ball
1-0: Foul Ball, location: 2F
1-1: Ball
2-1: Swinging Strike
2-2: SINGLE (Groundball, 56)
Batting: RHB Marcus Wade 0-0: Called Strike
0-1: Called Strike
0-2: Ball
1-2: Strikes out swinging
Batting: RHB Sal Haynes 0-0: Foul Ball, location: 2F
0-1: Ball
1-1: Called Strike
1-2: Strikes out swinging
Batting: RHB Wayne Bannatyne 0-0: SINGLE (Flyball, 89S)
Pancho Montoya to second
Runner from 2nd tries for 3rd, SAFE, throw made to third
Wayne Bannatyne to second
Batting: RHB Joe Ferneyhough 0-0: Called Strike
0-1: Called Strike
0-2: Ball
1-2: Ball
2-2: Ball
3-2: Strikes out looking
Top of the 4th over - 1 run(s), 3 hit(s), 0 error(s), 2 left on base; Naperville 1 - Bloomington 7
BOTTOM OF THE 4TH
Bloomington Longnecks batting - Pitching for Naperville Battlekings : RHP Jim Unknown
Pitching: RHP David Francisco
Batting: RHB Jim Unknown 0-0: Swinging Strike
0-1: Ball
1-1: Ball
2-1: SINGLE (Groundball, 56D)
Batting: LHB Jim Unknown 0-0: Ball
1-0: Grounds into double play, 6-4-3 (Groundball, 6)
Batting: RHB Jim Unknown 0-0: Ball
1-0: Foul Ball, location: 2F
1-1: Ball
2-1: Ground out 6-3 (Groundball, 56)
Bottom of the 4th over - 0 run(s), 1 hit(s), 0 error(s), 0 left on base; Naperville 1 - Bloomington 7
TOP OF THE 5TH
Naperville Battlekings batting - Pitching for Bloomington Longnecks : RHP Jim Unknown
Batting: LHB Cristo Ramírez 0-0: Called Strike
0-1: Ball
1-1: Foul Ball, location: 2F
1-2: Ball
2-2: Ball
3-2: SOLO HOME RUN (Line Drive, 9LD), Distance : 334 ft
Batting: LHB Jack Mason 0-0: Ball
1-0: Ball
2-0: Called Strike
2-1: Foul Ball, location: 2F
2-2: Strikes out swinging
Batting: RHB Earnest Veeck 0-0: Called Strike
0-1: Ball
1-1: Foul Ball, location: 2F
1-2: Ball
2-2: Strikes out looking
Batting: RHB Carlos Gómez 0-0: Ball
1-0: Foul Ball, location: 2F
1-1: Ball
2-1: Reached on error, E6 (Groundball, 6M)
Pitching: LHP Jim Unknown
Batting: RHB Pancho Montoya 0-0: SINGLE (Line Drive, 7S)
Carlos Gómez to third
Runner from 3rd tries for Home, SAFE, no throw or cutoff
Batting: RHB Marcus Wade 0-0: Ball
1-0: Ball
2-0: Ball
3-0: Called Strike
3-1: Foul Ball, location: 2F
3-2: Base on Balls
Pancho Montoya to second
Batting: RHB Sal Haynes 0-0: Ball
1-0: Ground out 5-3 (Groundball, 5L)
Top of the 5th over - 2 run(s), 2 hit(s), 1 error(s), 2 left on base; Naperville 3 - Bloomington 7
BOTTOM OF THE 5TH
Bloomington Longnecks batting - Pitching for Naperville Battlekings : RHP David Francisco
Batting: LHB Miguel Chávez 0-0: Called Strike
0-1: SINGLE (Line Drive, 78S)
Batting: RHB Randy García 0-0: Ball
1-0: Grounds into double play, 4-6-3 (Groundball, 4)
Batting: RHB Jim Unknown 0-0: Swinging Strike
0-1: Ball
1-1: Called Strike
1-2: SINGLE (Groundball, 6MD)
Batting: RHB Jim Unknown 0-0: Fly out, F7 (Flyball, 8LS)
Bottom of the 5th over - 0 run(s), 2 hit(s), 0 error(s), 1 left on base; Naperville 3 - Bloomington 7
TOP OF THE 6TH
Naperville Battlekings batting - Pitching for Bloomington Longnecks : LHP Jim Unknown
Batting: RHB Wayne Bannatyne 0-0: Ball
1-0: Ball
2-0: Ball
3-0: Base on Balls
Batting: RHB Joe Ferneyhough 0-0: Called Strike
0-1: Called Strike
0-2: Ball
1-2: Ball
2-2: Ball
3-2: SINGLE (Flyball, 89S)
Wayne Bannatyne to second
Runner from 2nd tries for 3rd, SAFE, throw made to third
Batting: LHB Cristo Ramírez 0-0: Called Strike
0-1: Ball
1-1: Ball
2-1: SINGLE (Groundball, 56D)
Wayne Bannatyne scores
Joe Ferneyhough to second
Batting: LHB Jack Mason 0-0: Ground out 4-3 (Groundball, 4M)
Joe Ferneyhough to third
Cristo Ramírez to second
Batting: RHB Earnest Veeck 0-0: Hit by Pitch
Batting: RHB Carlos Gómez 0-0: Ball
1-0: Called Strike
1-1: SINGLE (Groundball, 6MD)
Joe Ferneyhough scores
Cristo Ramírez to third
Earnest Veeck to second
Runner from 3rd tries for Home, SAFE, no throw or cutoff
Pitching: RHP Jim Unknown
Batting: RHB Pancho Montoya 0-0: Ball
1-0: Grounds into double play, 6-4-3 (Groundball, 6)
Top of the 6th over - 3 run(s), 3 hit(s), 0 error(s), 1 left on base; Naperville 6 - Bloomington 7
BOTTOM OF THE 6TH
Bloomington Longnecks batting - Pitching for Naperville Battlekings : RHP David Francisco
Batting: RHB Jim Unknown 0-0: Ball
1-0: Called Strike
1-1: Called Strike
1-2: Ball
2-2: Foul Ball, location: 2F
2-2: Ball
3-2: Base on Balls
Batting: RHB Jim Unknown 0-0: Ball
1-0: Bunted foul
1-1: Sac Bunt - play at first, batter OUT! U3
Jim Unknown to second
Batting: RHB Jim Unknown 0-0: Ball
1-0: Foul Ball, location: 2F
1-1: Called Strike
1-2: Ball
2-2: Fly out, F7 (Flyball, 7LM)
Batting: LHB Jim Unknown 0-0: Called Strike
0-1: Foul Ball, location: 2F
0-2: Foul Ball, location: 2F
0-2: Foul Ball, location: 2F
0-2: Ball
1-2: Strikes out swinging
Bottom of the 6th over - 0 run(s), 0 hit(s), 0 error(s), 1 left on base; Naperville 6 - Bloomington 7
TOP OF THE 7TH
Naperville Battlekings batting - Pitching for Bloomington Longnecks : RHP Jim Unknown
Batting: RHB Marcus Wade 0-0: Ball
1-0: Called Strike
1-1: Called Strike
1-2: SINGLE (Groundball, 15) (infield hit)
Pinch Hitting: RHB Tony Sánchez 0-0: Foul Ball, location: 2F
0-1: Bunt missed!
0-2: Fly out, F3 (Popup, 3F)
Batting: RHB Wayne Bannatyne 0-0: Called Strike
0-1: Foul Ball, location: 2F
0-2: Ball
1-2: Ground out 4-3 (Groundball, 4M)
Marcus Wade to second
Batting: RHB Joe Ferneyhough 0-0: Swinging Strike
0-1: Foul Ball, location: 2F
0-2: Ground out 6-3 (Groundball, 6MS)
Top of the 7th over - 0 run(s), 1 hit(s), 0 error(s), 1 left on base; Naperville 6 - Bloomington 7
BOTTOM OF THE 7TH
Bloomington Longnecks batting - Pitching for Naperville Battlekings : RHP David Francisco
Pitching: RHP William Taylor
Now at 2B: Tony Sánchez
Batting: RHB Jim Unknown 0-0: Foul Ball, location: 2F
0-1: Ball
1-1: Ball
2-1: Ball
3-1: Base on Balls
Batting: LHB Miguel Chávez 0-0: Ball
1-0: Called Strike
1-1: Ball
2-1: SINGLE (Groundball, 34D)
Jim Unknown to second
Runner from 2nd tries for 3rd, SAFE, throw made to third
Batting: RHB Randy García 0-0: Called Strike
0-1: Foul Ball, location: 2F
0-2: Hit by Pitch
Miguel Chávez to second
Batting: RHB Jim Unknown 0-0: Foul Ball, location: 2F
0-1: Foul Ball, location: 2F
0-2: Fly out, F7 (Flyball, 7D)
Runner from 3rd tags up, SCORES, no throw
Miguel Chávez to third
Pinch Hitting: SHB Jim Unknown 0-0: Called Strike
0-1: Ball
1-1: Swinging Strike
1-2: Foul Ball, location: 2F
1-2: Strikes out swinging
Batting: RHB Jim Unknown 0-0: Called Strike
0-1: Called Strike
0-2: Ball
1-2: Ball
2-2: Ball
3-2: Foul Ball, location: 2F
3-2: Ground out U3 (Groundball, 3)
Bottom of the 7th over - 1 run(s), 1 hit(s), 0 error(s), 2 left on base; Naperville 6 - Bloomington 8
TOP OF THE 8TH
Naperville Battlekings batting - Pitching for Bloomington Longnecks : RHP Jim Unknown
Now at 3B: Jim Unknown
Batting: LHB Cristo Ramírez 0-0: Called Strike
0-1: Ball
1-1: Foul Ball, location: 2F
1-2: Ball
2-2: Ball
3-2: Foul Ball, location: 2F
3-2: Foul Ball, location: 2F
3-2: Foul Ball, location: 2F
3-2: SOLO HOME RUN (Flyball, 89XD), Distance : 388 ft
Pitching: RHP Jim Unknown
Batting: LHB Jack Mason 0-0: Foul Ball, location: 2F
0-1: Ball
1-1: Ground out 1-3 (Groundball, 15)
Batting: RHB Earnest Veeck 0-0: Foul Ball, location: 2F
0-1: Ball
1-1: Ball
2-1: Ball
3-1: Called Strike
3-2: Ground out U3 (Groundball, 3)
Batting: RHB Carlos Gómez 0-0: Foul Ball, location: 2F
0-1: Ball
1-1: Foul Ball, location: 2F
1-2: Ground out 1-3 (Groundball, 13S)
Top of the 8th over - 1 run(s), 1 hit(s), 0 error(s), 0 left on base; Naperville 7 - Bloomington 8
BOTTOM OF THE 8TH
Bloomington Longnecks batting - Pitching for Naperville Battlekings : RHP William Taylor
Batting: RHB Jim Unknown 0-0: Ball
1-0: Fly out, F3 (Popup, 3L)
Batting: RHB Jim Unknown 0-0: Swinging Strike
0-1: Ball
1-1: Foul Ball, location: 2F
1-2: Ball
2-2: Strikes out looking
Batting: LHB Jim Unknown 0-0: Called Strike
0-1: Ball
1-1: Fly out, F8 (Flyball, 8RD)
Bottom of the 8th over - 0 run(s), 0 hit(s), 0 error(s), 0 left on base; Naperville 7 - Bloomington 8
TOP OF THE 9TH
Naperville Battlekings batting - Pitching for Bloomington Longnecks : RHP Jim Unknown
Pitching: RHP Jim Unknown
Pinch Hitting: LHB Jim Unknown 0-0: Ball
1-0: Called Strike
1-1: Ball
2-1: Foul Ball, location: 2F
2-2: Ball
3-2: SINGLE (Groundball, 3D)
Batting: RHB Marcus Wade 0-0: Called Strike
0-1: Sac Bunt - play at first, batter OUT! 1-3
Jim Unknown to second
Batting: RHB Tony Sánchez 0-0: Fly out, F6 (Popup, 6)
Batting: RHB Wayne Bannatyne 0-0: Ball
1-0: Called Strike
1-1: Ball
2-1: Swinging Strike
2-2: Ball
3-2: Ground out 6-3 (Groundball, 6)
Top of the 9th over - 0 run(s), 1 hit(s), 0 error(s), 1 left on base; Naperville 7 - Bloomington 8
This league is powered by Out of the Park Baseball, the baseball management simulation game for PC, Mac and Linux
Friday, October 23rd, 2015 - OOTP Baseball 16.9 Build 39